 Dungeon Crawl Stone Soup version 0.18-a0-1774-gce1f7b6 (webtiles) character file.

889 Quirk the Covert (level 8, -13/60 HPs)
             Began as a Vine Stalker Assassin on Apr 16, 2016.
             Was an Initiate of Dithmenos.
             Killed from afar by a hound (33 damage)
             ... with an exploding inner flame
             ... hexed by the player character
             ... on level 6 of the Dungeon.
             The game lasted 00:22:08 (5265 turns).

Quirk the Covert (Vine Stalker Assassin)            Turns: 5265, Time: 00:22:08

Health: -13/60     AC:  6    Str: 19    XL:     8   Next: 6%
Magic:  0/9        EV: 17    Int: 11    God:    Dithmenos [......]
Gold:   302        SH:  0    Dex: 18    Spells: 0 memorised, 7 levels left

rFire  . . .     SeeInvis .     a - +3 dagger
rCold  + . .     Gourm    .     E - +2 leather armour {rC+}
rNeg   . . .     Faith    .     (no shield)
rPois  .         Spirit   +     (no helmet)
rElec  .         Dismiss  .     C - +0 cloak
rCorr  .         Reflect  .     (no gloves)
SustAt .         Harm     .     (no boots)
MR     +....                    D - amulet of rage
Stlth  ..........               x - +4 ring of evasion
                                (no ring)

@: berserking, lethally poisoned (-13 -> -15), drained, very quick, somewhat
resistant to hostile enchantments, extremely unstealthy
A: fangs 3, regeneration 2, magic shield, antimagic bite, no device heal 3, rot
immunity
a: Renounce Religion, Evoke Berserk Rage


You were on level 6 of the Dungeon.
You worshipped Dithmenos.
Dithmenos was noncommittal.
You were very hungry.

You visited 1 branch of the dungeon, and saw 7 of its levels.

You collected 302 gold pieces.

Inventory:

Hand Weapons
 a - a +3 dagger (weapon)
 b - a +0 blowgun
 j - a cursed -3 whip
Missiles
 e - 14 poisoned needles
 f - 2 curare-tipped needles
Armour
 A - a +0 helmet
 C - a +0 cloak (worn)
 E - a +2 leather armour of cold resistance (worn)
Jewellery
 t - an uncursed ring of ice
 x - a +4 ring of evasion (right hand)
 D - an amulet of rage (around neck)
Scrolls
 h - a scroll of immolation
 m - 7 scrolls of identify
 s - 2 scrolls of magic mapping
Potions
 c - a potion of might {unknown}
 i - a potion of cure mutation {unknown}
 k - 3 potions of degeneration {unknown}
 l - a potion of curing
 o - a potion of invisibility {unknown}
 p - a potion of magic {unknown}
 q - a potion of flight {unknown}
 r - a potion of haste {unknown}
 w - 3 potions of brilliance
Comestibles
 g - 8 bread rations
 n - a slice of pizza
 u - 5 fruits
 z - 4 meat rations


   Skills:
 + Level 3.4(3.1) Fighting
 + Level 3.2(2.9) Short Blades
 + Level 3.7(3.4) Throwing
 + Level 3.2(2.9) Dodging
 * Level 8.4(8.1) Stealth


You had 7 spell levels left.
You didn't know any spells.

Dungeon Overview and Level Annotations

Branches:
Dungeon (7/15)             Temple (0/1) D:6

Altars:
Ashenzari
Cheibriados
Dithmenos
Elyvilon
Fedhas
Pakellas
Qazlal
Vehumet
Xom

Shops:
D:4 :


Innate Abilities, Weirdness & Mutations

You have razor-sharp teeth.
You heal very quickly.
When hurt, damage is shared between your health and your magic reserves.
Your bite disrupts and absorbs the magic of your enemies.
Potions and wands cannot restore your health.
You are immune to rotting.


Message History

The worker ant bites you.
You are more poisoned.
The worker ant poisons you!
A red film seems to cover your vision as you go berserk!
You feel yourself moving faster!
You feel mighty!
You are feeling very hungry.
You feel sick. The worker ant misses you. The hound closely misses you.
The worker ant bites you.
You puncture the hound!
The hound is heavily wounded.
You feel sick. The hound bites you. The worker ant bites you.
You miss the hound. Your bite misses the hound.
The hound is heavily wounded.
The worker ant barely misses you. The hound barely misses you.
The worker ant completely misses you.
You puncture the hound!
The hound explodes!
The fiery explosion engulfs you!
Ouch! That really hurt!
You die...

***,,,*#......##.# #.
,*****##o...)..#.# #[
,****##.####.....# ##
,,,,,#....##...#.# #.
.....o..#.##.#.#.# #.
#########.##.#.#.################
,,,,,,,,,,##.#.oo............[...
****########.##aa################
#...).....ยงยง@#
#####.######.##### ......# #.#
####### #.# ....* #.# ###.* #.#
..#,* #.# ###,* #.#
.,,,********,*


You could see 2 worker ants, an orc priest (inner flame) and an orc wizard
(inner flame).

Vanquished Creatures
  Menkaure (D:6)
  An ogre (D:3)
  A centaur (D:5)
  A giant frog (D:5)
  3 wights
  A crimson imp (D:5)
  A hound (D:6)
  2 orc wizards
  An iguana (D:6)
  Ijyb (D:3)
  A worker ant (D:5)
  A hound zombie (D:5)
  3 gnolls
  4 adders
  A shadow imp (D:5)
  An ooze (D:3)
  An adder skeleton (D:4)
  7 worms
  4 dart slugs
  2 giant geckos
  14 orcs
  7 bats
  4 giant cockroaches
  6 goblins
  15 hobgoblins
  2 quokkas
  2 ball pythons
  16 giant newts
  6 kobolds
  12 rats
122 creatures vanquished.

Notes
Turn   | Place    | Note
--------------------------------------------------------------
     0 | D:1      | Quirk the Vine Stalker Assassin began the quest for the Orb.
     0 | D:1      | Reached XP level 1. HP: 11/11 MP: 2/2
   117 | D:1      | Reached skill level 5 in Stealth
   198 | D:1      | Reached XP level 2. HP: 15/15 MP: 3/3
   228 | D:1      | Reached skill level 1 in Dodging
   776 | D:1      | Reached XP level 3. HP: 18/18 MP: 2/4
   991 | D:2      | Found an oddly glowing altar of Pakellas.
   991 | D:2      | Found a radiant altar of Vehumet.
   992 | D:2      | Found a snail-covered altar of Cheibriados.
  1009 | D:2      | Reached XP level 4. HP: 23/23 MP: 2/5
  1328 | D:2      | Found a shimmering altar of Xom.
  1330 | D:2      | Found a shattered altar of Ashenzari.
  1717 | D:2      | Reached skill level 6 in Stealth
  1901 | D:2      | Reached XP level 5. HP: 25/26 MP: 6/6
  2135 | D:3      | Noticed Ijyb
  2201 | D:3      | Killed Ijyb
  2937 | D:3      | Gained mutation: You heal very quickly. [Vine Stalker growth]
  2937 | D:3      | Reached XP level 6. HP: 28/32 MP: 7/7
  2966 | D:3      | Found a stormy altar of Qazlal.
  3450 | D:4      | Found a white marble altar of Elyvilon.
  3484 | D:4      | Found a shadowy altar of Dithmenos.
  3491 | D:4      | Became a worshipper of Dithmenos the Shadowed
  3593 | D:4      | Found Tixt's Book Shoppe.
  3611 | D:5      | Entered Level 5 of the Dungeon
  3690 | D:5      | Reached skill level 7 in Stealth
  3806 | D:5      | Found a blossoming altar of Fedhas.
  3866 | D:5      | Reached XP level 7. HP: 36/36 MP: 8/8
  4905 | D:5      | Reached skill level 8 in Stealth
  5080 | D:6      | Noticed Menkaure
  5084 | D:6      | Killed Menkaure
  5084 | D:6      | Gained mutation: You have razor-sharp teeth. [Vine Stalker growth]
  5084 | D:6      | Reached XP level 8. HP: 40/40 MP: 9/9
  5265 | D:6      | Killed from afar by a hound

Vault maps used:
D:1:      lightli_arrival_statuegarden
D:2:      grunt_temple_overflow_open, minmay_lizard_king
D:3:      lemuel_coloured_pillars_altar, first_bread, uniq_iyjb
D:4:      nicolae_overflow_crystal_walls, old_standard_altar, serial_shops,
          kennysheep_mini_moat, minmay_surrounded
D:5:      overflow_temple_1_default, corexii_hall_statues_x,
          minmay_misc_feat_pillars
D:6:      minmay_temple_entry_enclosed_plants, minmay_misc_feat_nine_boxes,
          uniq_menkaure, uniq_duvessa
D:7:      kiku_gazebo_pond_becter, serial_shops, nicolae_shop_stone, shop,
          uniq_crazy_yiuf_cottage

Skill      XL: |  1  2  3  4  5  6  7 |
---------------+----------------------+-----
Fighting       | 2 3 |  3.4
Stealth        | 5 6 7 8 |  8.4
Throwing       | 2 3 |  3.7
Dodging        | 1 2 3 |  3.2
Short Blades   | 2 3 |  3.2

Action                   |  1- 3 |  4- 6 |  7- 9 || total
-------------------------+-------+-------+-------++-------
Melee: Dagger            |    77 |   295 |    99 ||   471
       Bite              |    13 |    71 |    33 ||   117
 Fire: Blowgun           |    10 |    17 |     2 ||    29
 Abil: Evoke Berserk Rag |       |       |     3 ||     3
  Use: Scroll            |       |       |     7 ||     7
 Stab: Sleeping          |     5 |    23 |     2 ||    30
       Distracted        |       |       |     3 ||     3
  Eat: Chunk             |       |     9 |     4 ||    13
       Beef jerky        |       |       |     1 ||     1
Armor: Robe              |    10 |    28 |       ||    38
       Leather armour    |       |       |    14 ||    14
Dodge: Dodged            |    41 |   157 |   108 ||   306
